Workbook

Sheet Demand and Event Display
A2: Week | B2: 0
A4: Demand | B4: Product A | C4: Product B | D4: Product C | E4: Product D
B5: =VLOOKUP($B$2,'Demand Sheet'!$A$27:$H$38,4,FALSE) -> #N/A | C5: =VLOOKUP($B$2,'Demand Sheet'!$A$27:$H$38,5,FALSE) -> #N/A | D5: =VLOOKUP($B$2,'Demand Sheet'!$A$27:$H$38,6,FALSE) -> #N/A | E5: =VLOOKUP($B$2,'Demand Sheet'!$A$27:$H$38,7,FALSE) -> #N/A
A7: Event Number | B7: =RANDBETWEEN(1,32) -> 3
A9: Event Lookup
A10: Code | B10: =B7 -> 3
A11: Event Type | B11: =IFERROR(VLOOKUP(B10,'Event Sheet'!$A$2:$F$50,2,FALSE),"") -> Quality
A12: Event Severity | B12: =IFERROR(VLOOKUP(B10,'Event Sheet'!$A$2:$F$50,3,FALSE),"") -> Major
A13: Event Description | B13: =IFERROR(VLOOKUP(B10,'Event Sheet'!$A$2:$F$50,4,FALSE),"") -> You received a high quality reward for your organization.
A14: Event Effects | B14: =IFERROR(VLOOKUP(B10,'Event Sheet'!$A$2:$F$50,5,FALSE),"") -> Receive $10,000 as a period adjustment for each applicable product
A15: Condition | B15: =IFERROR(VLOOKUP(B10,'Event Sheet'!$A$2:$F$50,6,FALSE),"") -> Every product supplied by a supplier with quality ≥ Very High
A16: Instructions | B16: =IFERROR(VLOOKUP(B10,'Event Sheet'!$A$2:$G$50,7,FALSE),"") -> Add 10,000 to the current period in column E on the Performance Sheet for each product impacted

Sheet Demand Sheet
B1: Approximate Distribution | D1: 0.4 | E1: 0.3 | F1: 0.2 | G1: 0.1
B2: Period | D2: Product A | E2: Product B | F2: Product C | G2: Product D | H2: Totals
B3: 42005 | C3: 2015 | D3: 384 | E3: 232 | F3: 80 | G3: 0 | H3: =SUM(D3:G3) -> 696
B4: 42036 | C4: 2015 | D4: 252 | E4: 196 | F4: 112 | G4: 0 | H4: =SUM(D4:G4) -> 560
B5: 42064 | C5: 2015 | D5: 376 | E5: 224 | F5: 88 | G5: 0 | H5: =SUM(D5:G5) -> 688
B6: 42095 | C6: 2015 | D6: 396 | E6: 220 | F6: 143 | G6: 0 | H6: =SUM(D6:G6) -> 759
B7: 42125 | C7: 2015 | D7: 600 | E7: 300 | F7: 195 | G7: 0 | H7: =SUM(D7:G7) -> 1095
B8: 42156 | C8: 2015 | D8: 752 | E8: 448 | F8: 288 | G8: 0 | H8: =SUM(D8:G8) -> 1488
B9: 42186 | C9: 2015 | D9: 480 | E9: 432 | F9: 240 | G9: 0 | H9: =SUM(D9:G9) -> 1152
B10: 42217 | C10: 2015 | D10: 594 | E10: 378 | F10: 252 | G10: 0 | H10: =SUM(D10:G10) -> 1224
B11: 42248 | C11: 2015 | D11: 512 | E11: 448 | F11: 160 | G11: 0 | H11: =SUM(D11:G11) -> 1120
B12: 42278 | C12: 2015 | D12: 722 | E12: 570 | F12: 285 | G12: 0 | H12: =SUM(D12:G12) -> 1577
B13: 42309 | C13: 2015 | D13: 629 | E13: 493 | F13: 306 | G13: 0 | H13: =SUM(D13:G13) -> 1428
B14: 42339 | C14: 2015 | D14: 608 | E14: 494 | F14: 285 | G14: 0 | H14: =SUM(D14:G14) -> 1387
... B26: 42705 | C26: 2016 | D26: 1026 | E26: 648 | F26: 432 | G26: 351 | H26: =SUM(D26:G26) -> 2457
A27: 1 | B27: 42736 | C27: 2017 | D27: 1037 | E27: 471 | F27: 330 | G27: 189 | H27: =SUM(D27:G27) -> 2027
A28: 2 | B28: 42767 | C28: 2017 | D28: 1103 | E28: 689 | F28: 276 | G28: 386 | H28: =SUM(D28:G28) -> 2454
A29: 3 | B29: 42795 | C29: 2017 | D29: 1101 | E29: 642 | F29: 428 | G29: 306 | H29: =SUM(D29:G29) -> 2477
A30: 4 | B30: 42826 | C30: 2017 | D30: 1107 | E30: 684 | F30: 521 | G30: 163 | H30: =SUM(D30:G30) -> 2475
A31: 5 | B31: 42856 | C31: 2017 | D31: 1326 | E31: 821 | F31: 505 | G31: 221 | H31: =SUM(D31:G31) -> 2873
A32: 6 | B32: 42887 | C32: 2017 | D32: 1174 | E32: 960 | F32: 427 | G32: 213 | H32: =SUM(D32:G32) -> 2774
A33: 7 | B33: 42917 | C33: 2017 | D33: 1979 | E33: 1029 | F33: 791 | G33: 237 | H33: =SUM(D33:G33) -> 4036
A34: 8 | B34: 42948 | C34: 2017 | D34: 1746 | E34: 915 | F34: 457 | G34: 416 | H34: =SUM(D34:G34) -> 3534
A35: 9 | B35: 42979 | C35: 2017 | D35: 1612 | E35: 1264 | F35: 741 | G35: 523 | H35: =SUM(D35:G35) -> 4140
A36: 10 | B36: 43009 | C36: 2017 | D36: 2184 | E36: 891 | F36: 535 | G36: 267 | H36: =SUM(D36:G36) -> 3877
A37: 11 | B37: 43040 | C37: 2017 | D37: 1914 | E37: 1139 | F37: 456 | G37: 456 | H37: =SUM(D37:G37) -> 3965
A38: 12 | B38: 43070 | C38: 2017 | D38: 2091 | E38: 871 | F38: 697 | G38: 349 | H38: =SUM(D38:G38) -> 4008
D39: Use "Demand and Event Display" sheet to select time range to display for each period

Sheet Event Sheet
A1: Code | B1: Positive Event List | C1: Event Severity | D1: Event Description | E1: Effect | F1: Products Impacted | G1: Instructions
A2: 1 | B2: Quality | C2: Minor | D2: Your product was reviewed by a famous YouTuber and found to have very high quality. | E2: + 10% Demand for next three periods | F2: Every product supplied by a supplier with quality ≥ High | G2: Add 10 to the following 3 periods in column G on each product inventory sheet which was impacted
A3: 2 | B3: Quality | C3: Medium | D3: High quality product yielded more usable components than expected, increase inventory received for the period by +10%. | E3: + 10% inventory received for the period | F3: Every product supplied by a supplier with quality ≥ High | G3: Add 10 to the current period in column E on each product inventory sheet which was impacted
A4: 3 | B4: Quality | C4: Major | D4: You received a high quality reward for your organization. | E4: Receive $10,000 as a period adjustment for each applicable product | F4: Every product supplied by a supplier with quality ≥ Very High | G4: Add 10,000 to the current period in column E on the Performance Sheet for each product impacted
A5: 4 | B5: Quality | C5: Critical | D5: Your product was selected by the US government for military use. | E5: Receive +20% demand for every subsequent period starting two periods out | F5: Every product supplied by a supplier with quality ≥ Very High | G5: Add 20 to all periods starting 2 periods out in column G on each product inventory sheet which was impacted
A6: 5 | B6: Disruption Risk Management | C6: Minor | D6: There was some disruption due to storms, but your company was able to manage it effectively. | E6: Gain 10% increased demand from customer appreciation for 1 period | F6: Every product supplied by a supplier with disruption risk management ≥ High | G6: Add 10 to the next period in column G on each product inventory sheet which was impacted
A7: 6 | B7: Disruption Risk Management | C7: Medium | D7: There was some disruption due to a port closure, but your supplier was able to reroute the supply. Your customer granted you a one time reward for responsiveness. | E7: Gain $3,000 from customers as a period adjustment for each applicable product | F7: Every product supplied by a supplier with disruption risk management ≥ High | G7: Add 3,000 to the current period in column E on the Performance Sheet for each product impacted
A8: 7 | B8: Disruption Risk Management | C8: Major | D8: The oil market crashed, increasing the cost of manufacturing for most suppliers. Fortunately, your supplier hedges their risk using options contracts and so will be able to continue to provide product at the same cost, despite increases in the market price. | E8: Increase the sales price by $2 for all remaining periods for each applicable product | F8: Every product supplied by a supplier with disruption risk management ≥ Very High | G8: Add $2 for all remaining periods to Column F on the Product Pricing Sheet for each impacted product
A9: 8 | B9: Disruption Risk Management | C9: Critical | D9: Natural disaster hit the region, but your supplier was largely unaffected. Other competitors however are unable to meet their demand, and a large number of companies have placed orders to your company. | E9: Gain +50% demand for 3 periods starting in period T + 2 for each applicable product | F9: Every product supplied by a supplier with disruption risk management ≥ Very High | G9: Add 50 to 3 periods starting 2 periods out in column G on each product inventory sheet which was impacted
A10: 9 | B10: Timeliness | C10: Minor | D10: Product arrived in your facility on time! Great news. | E10: No Effect | F10: Every product supplied by a supplier with timeliness ≥ High | G10: Do nothing
A11: 10 | B11: Timeliness | C11: Medium | D11: The timely nature of the supplier's deliveries has allowed you to decrease inventory processing costs significantly. | E11: Inventory carrying costs are reduced by 5% for each applicable product | F11: Every product supplied by a supplier with timeliness ≥ High | G11: Remove 5% for all remaining periods from Column G in Product Pricing Sheet for each impacted product
A12: 11 | B12: Timeliness | C12: Major | D12: Effective inventory management has led to a reduction of $10,000 of expenses in your warehouse. | E12: Receive a one time $10,000 period adjustment for each applicable product | F12: Every product supplied by a supplier with timeliness ≥ Very High | G12: Add 10,000 to the current period in column E on the Performance Sheet for each product impacted
A13: 12 | B13: Timeliness | C13: Critical | D13: You have established a vendor-managed inventory system with this supplier. | E13: Change ICC to 0% for each applicable product | F13: Every product supplied by a supplier with timeliness ≥ Very High | G13: Change value to 0% for all remaining periods from Column G in Product Pricing Sheet for each impacted product
... A17: 16 | B17: Innovativeness | C17: Critical | D17: Your supplier's innovation has changed the way they manufacture their products making their products much cheaper. | E17: Variable costs decrease by $1 for the rest of the game for each applicable product | F17: Every product supplied by a supplier with innovativeness ≥ Very High | G17: Add -1 for all remaining periods in Column D on the Product Pricing Sheet for each impacted product
A20: Code | B20: Negative Event List | C20: Event Severity | D20: Event Description | E20: Effect
A21: 17 | B21: Quality | C21: Minor | D21: Quality defects caused manufacturing delays this period requiring overtime costs of $3,000. | E21: Incur $3,000 loss | F21: Every product supplied by a supplier with quality ≤ Low | G21: Add -3,000 to the current period in column E on the Performance Sheet for each product impacted
A22: 18 | B22: Quality | C22: Medium | D22: A review of your inventories found bad inventory. | E22: 20% of your held inventory must be discarded for the current period | F22: Every product supplied by a supplier with quality ≤ Low | G22: Add -20% to the current period in column E on each product inventory sheet which was impacted
A23: 19 | B23: Quality | C23: Major | D23: Product problems were found in production and will need to be reworked. | E23: Lose 10% inventory and incur $5,000 rework for each applicable product | F23: Every product supplied by a supplier with quality ≤ Very Low | G23: Add -10 to the current period in column E on each product inventory sheet which was impacted and add -5,000 to the current period in column E on the Performance Sheet for each product impacted.
A24: 20 | B24: Quality | C24: Critical | D24: Poor manufacturing of your product has led to product failure in field applications which have led to 1 death and several injuries. You have been forced to recall the product. | E24: Incur a $100,000 loss from the recall efforts and litigation costs. | F24: Every product supplied by a supplier with quality ≤ Very Low | G24: Add -100,000 to the current period in column E on the Performance Sheet for each product impacted
A25: 21 | B25: Disruption Risk Management | C25: Minor | D25: The supplier had a disruption with their own supply network and can no longer provide all product types. | E25: This supplier can no longer provide products A or B for three periods | F25: Every product supplied by a supplier with disruption risk management ≤ Low | G25: You are no longer able to select this supplier for the next three periods for products A and B
A26: 22 | B26: Disruption Risk Management | C26: Medium | D26: There was a disruption in the delivery of product from this supplier and no product arrived. | E26: Receive -100% stock this period from this supplier | F26: Every product supplied by a supplier with disruption risk management ≤ Low | G26: Add -100 to the current period in column E on each product inventory sheet which was impacted
A27: 23 | B27: Disruption Risk Management | C27: Major | D27: This supplier has increased all of their prices by $1 for every product. | E27: Increase the manufacturing cost by $1 for each applicable product | F27: Every product supplied by a supplier with disruption risk management ≤ Very Low | G27: Add 1 for all remaining periods in Column D on the Product Pricing Sheet for each impacted product
A28: 24 | B28: Disruption Risk Management | C28: Critical | D28: This supplier was hit by a natural disaster and is no longer in existence. End the relationship with this supplier. | E28: End the relationship with this supplier | F28: Every product supplied by a supplier with disruption risk management ≤ Very Low | G28: You are no longer able to select this supplier for future periods
A29: 25 | B29: Timeliness | C29: Minor | D29: Product arrived in your facility late, leading to overtime production. | E29: Incur $3,000 additional costs for the period for the extra overtime | F29: Every product supplied by a supplier with timeliness ≤ Low | G29: Add -3,000 to the current period in column E on the Performance Sheet for each product impacted
A30: 26 | B30: Timeliness | C30: Medium | D30: Product arrived in your facility very early, forcing your company to make arrangements for additional warehousing space. | E30: Incur $5,000 additional costs for the period | F30: Every product supplied by a supplier with timeliness ≤ Low | G30: Add -5,000 to the current period in column E on the Performance Sheet for each product impacted
A31: 27 | B31: Timeliness | C31: Major | D31: The shipment is late, but you are able to expedite the shipment at a cost of $10,000. | E31: Incur $10,000 additional costs | F31: Every product supplied by a supplier with timeliness ≤ Very Low | G31: Add -10,000 to the current period in column E on the Performance Sheet for each product impacted
A32: 28 | B32: Timeliness | C32: Critical | D32: The supplier failed to deliver the entire period's demand, disrupting your future orders for customers, and causing a large social media brigade. | E32: Receive -100% inventory received for this period, and -50% Demand for 2 following weeks | F32: Every product supplied by a supplier with timeliness ≤ Very Low | G32: Add -100 to the current period in column E on each product inventory sheet which was impacted and add -50 to the next 2 periods in column E on each product inventory sheet which was impacted
... A36: 32 | B36: Innovativeness | C36: Critical | D36: A new innovative change to Products A an D was released in the market, but your supplier cannot keep up with the change. | E36: This supplier can no longer supply product A or product D | F36: Every product supplied by a supplier with innovativeness ≤ Very Low | G36: You are no longer able to select this supplier for products A and B

Sheet Student Team Performance
A1: Input Student Performance Scores by period in this table
B2: Period 1 | C2: Period 2 | D2: Period 3 | E2: Period 4 | F2: Period 5 | G2: Period 6 | H2: Period 7 | I2: Period 8 | J2: Period 9 | K2: Period 10 | L2: Period 11 | M2: Period 12 | N2: Overall Performance
A3: Team 1 | B3: 10000 | C3: 20000 | D3: 18000 | E3: 15000 | F3: 25000 | N3: =SUM(B3:M3) -> 88000
A4: Team 2 | B4: -2000 | C4: 9999 | D4: 5000 | E4: -10000 | F4: 30000 | N4: =SUM(B4:M4) -> 32999
A5: Team 3 | B5: -50000 | C5: 10000 | D5: 20000 | E5: 24000 | N5: =SUM(B5:M5) -> 4000
A6: Team 4 | B6: 24000 | C6: 2000 | D6: 5000 | E6: 6000 | N6: =SUM(B6:M6) -> 37000
A7: Team 5 | N7: =SUM(B7:M7) -> 0
A8: Team 6 | N8: =SUM(B8:M8) -> 0
A9: Team 7 | N9: =SUM(B9:M9) -> 0
A10: Team 8 | N10: =SUM(B10:M10) -> 0
A11: Team 9 | N11: =SUM(B11:M11) -> 0
A12: Team 10 | N12: =SUM(B12:M12) -> 0
A13: Team 11 | N13: =SUM(B13:M13) -> 0
A14: Team 12 | N14: =SUM(B14:M14) -> 0
A15: Team 13 | N15: =SUM(B15:M15) -> 0
A16: Team 14 | N16: =SUM(B16:M16) -> 0
A17: Team 15 | N17: =SUM(B17:M17) -> 0
A18: Team 16 | N18: =SUM(B18:M18) -> 0
... A22: Team 20 | N22: =SUM(B22:M22) -> 0
A58: Performance Over Time | C58: =na -> #NAME?
B59: Period 1 | C59: Period 2 | D59: Period 3 | E59: Period 4 | F59: Period 5 | G59: Period 6 | H59: Period 7 | I59: Period 8 | J59: Period 9 | K59: Period 10 | L59: Period 11 | M59: Period 12
A60: Team 1 | B60: =B3 -> 10000 | C60: =IF(C3="",NA(),B60+C3) -> 30000 | D60: =IF(D3="",NA(),C60+D3) -> 48000 | E60: =IF(E3="",NA(),D60+E3) -> 63000 | F60: =IF(F3="",NA(),E60+F3) -> 88000 | G60: =IF(G3="",NA(),F60+G3) -> #N/A | H60: =IF(H3="",NA(),G60+H3) -> #N/A | I60: =IF(I3="",NA(),H60+I3) -> #N/A | J60: =IF(J3="",NA(),I60+J3) -> #N/A | ... M60: =IF(M3="",NA(),L60+M3) -> #N/A
A61: Team 2 | B61: =B4 -> -2000 | C61: =IF(C4="",NA(),B61+C4) -> 7999 | D61: =IF(D4="",NA(),C61+D4) -> 12999 | E61: =IF(E4="",NA(),D61+E4) -> 2999 | F61: =IF(F4="",NA(),E61+F4) -> 32999 | G61: =IF(G4="",NA(),F61+G4) -> #N/A | H61: =IF(H4="",NA(),G61+H4) -> #N/A | I61: =IF(I4="",NA(),H61+I4) -> #N/A | J61: =IF(J4="",NA(),I61+J4) -> #N/A | ... M61: =IF(M4="",NA(),L61+M4) -> #N/A
A62: Team 3 | B62: =B5 -> -50000 | C62: =IF(C5="",NA(),B62+C5) -> -40000 | D62: =IF(D5="",NA(),C62+D5) -> -20000 | E62: =IF(E5="",NA(),D62+E5) -> 4000 | F62: =IF(F5="",NA(),E62+F5) -> #N/A | G62: =IF(G5="",NA(),F62+G5) -> #N/A | H62: =IF(H5="",NA(),G62+H5) -> #N/A | I62: =IF(I5="",NA(),H62+I5) -> #N/A | J62: =IF(J5="",NA(),I62+J5) -> #N/A | ... M62: =IF(M5="",NA(),L62+M5) -> #N/A
A63: Team 4 | B63: =B6 -> 24000 | C63: =IF(C6="",NA(),B63+C6) -> 26000 | D63: =IF(D6="",NA(),C63+D6) -> 31000 | E63: =IF(E6="",NA(),D63+E6) -> 37000 | F63: =IF(F6="",NA(),E63+F6) -> #N/A | G63: =IF(G6="",NA(),F63+G6) -> #N/A | H63: =IF(H6="",NA(),G63+H6) -> #N/A | I63: =IF(I6="",NA(),H63+I6) -> #N/A | J63: =IF(J6="",NA(),I63+J6) -> #N/A | ... M63: =IF(M6="",NA(),L63+M6) -> #N/A
A64: Team 5 | B64: =B7 -> 0 | C64: =IF(C7="",NA(),B64+C7) -> #N/A | D64: =IF(D7="",NA(),C64+D7) -> #N/A | E64: =IF(E7="",NA(),D64+E7) -> #N/A | F64: =IF(F7="",NA(),E64+F7) -> #N/A | G64: =IF(G7="",NA(),F64+G7) -> #N/A | H64: =IF(H7="",NA(),G64+H7) -> #N/A | I64: =IF(I7="",NA(),H64+I7) -> #N/A | J64: =IF(J7="",NA(),I64+J7) -> #N/A | ... M64: =IF(M7="",NA(),L64+M7) -> #N/A
A65: Team 6 | B65: =B8 -> 0 | C65: =IF(C8="",NA(),B65+C8) -> #N/A | D65: =IF(D8="",NA(),C65+D8) -> #N/A | E65: =IF(E8="",NA(),D65+E8) -> #N/A | F65: =IF(F8="",NA(),E65+F8) -> #N/A | G65: =IF(G8="",NA(),F65+G8) -> #N/A | H65: =IF(H8="",NA(),G65+H8) -> #N/A | I65: =IF(I8="",NA(),H65+I8) -> #N/A | J65: =IF(J8="",NA(),I65+J8) -> #N/A | ... M65: =IF(M8="",NA(),L65+M8) -> #N/A
A66: Team 7 | B66: =B9 -> 0 | C66: =IF(C9="",NA(),B66+C9) -> #N/A | D66: =IF(D9="",NA(),C66+D9) -> #N/A | E66: =IF(E9="",NA(),D66+E9) -> #N/A | F66: =IF(F9="",NA(),E66+F9) -> #N/A | G66: =IF(G9="",NA(),F66+G9) -> #N/A | H66: =IF(H9="",NA(),G66+H9) -> #N/A | I66: =IF(I9="",NA(),H66+I9) -> #N/A | J66: =IF(J9="",NA(),I66+J9) -> #N/A | ... M66: =IF(M9="",NA(),L66+M9) -> #N/A
A67: Team 8 | B67: =B10 -> 0 | C67: =IF(C10="",NA(),B67+C10) -> #N/A | D67: =IF(D10="",NA(),C67+D10) -> #N/A | E67: =IF(E10="",NA(),D67+E10) -> #N/A | F67: =IF(F10="",NA(),E67+F10) -> #N/A | G67: =IF(G10="",NA(),F67+G10) -> #N/A | H67: =IF(H10="",NA(),G67+H10) -> #N/A | I67: =IF(I10="",NA(),H67+I10) -> #N/A | J67: =IF(J10="",NA(),I67+J10) -> #N/A | ... M67: =IF(M10="",NA(),L67+M10) -> #N/A
A68: Team 9 | B68: =B11 -> 0 | C68: =IF(C11="",NA(),B68+C11) -> #N/A | D68: =IF(D11="",NA(),C68+D11) -> #N/A | E68: =IF(E11="",NA(),D68+E11) -> #N/A | F68: =IF(F11="",NA(),E68+F11) -> #N/A | G68: =IF(G11="",NA(),F68+G11) -> #N/A | H68: =IF(H11="",NA(),G68+H11) -> #N/A | I68: =IF(I11="",NA(),H68+I11) -> #N/A | J68: =IF(J11="",NA(),I68+J11) -> #N/A | ... M68: =IF(M11="",NA(),L68+M11) -> #N/A
A69: Team 10 | B69: =B12 -> 0 | C69: =IF(C12="",NA(),B69+C12) -> #N/A | D69: =IF(D12="",NA(),C69+D12) -> #N/A | E69: =IF(E12="",NA(),D69+E12) -> #N/A | F69: =IF(F12="",NA(),E69+F12) -> #N/A | G69: =IF(G12="",NA(),F69+G12) -> #N/A | H69: =IF(H12="",NA(),G69+H12) -> #N/A | I69: =IF(I12="",NA(),H69+I12) -> #N/A | J69: =IF(J12="",NA(),I69+J12) -> #N/A | ... M69: =IF(M12="",NA(),L69+M12) -> #N/A
A70: Team 11 | B70: =B13 -> 0 | C70: =IF(C13="",NA(),B70+C13) -> #N/A | D70: =IF(D13="",NA(),C70+D13) -> #N/A | E70: =IF(E13="",NA(),D70+E13) -> #N/A | F70: =IF(F13="",NA(),E70+F13) -> #N/A | G70: =IF(G13="",NA(),F70+G13) -> #N/A | H70: =IF(H13="",NA(),G70+H13) -> #N/A | I70: =IF(I13="",NA(),H70+I13) -> #N/A | J70: =IF(J13="",NA(),I70+J13) -> #N/A | ... M70: =IF(M13="",NA(),L70+M13) -> #N/A
A71: Team 12 | B71: =B14 -> 0 | C71: =IF(C14="",NA(),B71+C14) -> #N/A | D71: =IF(D14="",NA(),C71+D14) -> #N/A | E71: =IF(E14="",NA(),D71+E14) -> #N/A | F71: =IF(F14="",NA(),E71+F14) -> #N/A | G71: =IF(G14="",NA(),F71+G14) -> #N/A | H71: =IF(H14="",NA(),G71+H14) -> #N/A | I71: =IF(I14="",NA(),H71+I14) -> #N/A | J71: =IF(J14="",NA(),I71+J14) -> #N/A | ... M71: =IF(M14="",NA(),L71+M14) -> #N/A
... A79: Team 20 | B79: =B22 -> 0 | C79: =IF(C22="",NA(),B79+C22) -> #N/A | D79: =IF(D22="",NA(),C79+D22) -> #N/A | E79: =IF(E22="",NA(),D79+E22) -> #N/A | F79: =IF(F22="",NA(),E79+F22) -> #N/A | G79: =IF(G22="",NA(),F79+G22) -> #N/A | H79: =IF(H22="",NA(),G79+H22) -> #N/A | I79: =IF(I22="",NA(),H79+I22) -> #N/A | J79: =IF(J22="",NA(),I79+J22) -> #N/A | ... M79: =IF(M22="",NA(),L79+M22) -> #N/A
